 Dungeon Crawl Stone Soup version 0.25.1-2-g60ff931df9 (webtiles) character file.

Game seed: 13519533883744767609

6580 xmaximusx the Cleaver (level 11, -2/104 HPs)
             Began as a Hill Orc Fighter on Oct 26, 2020.
             Was an Initiate of Okawaru.
             Slain by a 13-headed hydra (12 damage)
             ... on level 9 of the Dungeon.
             The game lasted 00:42:57 (11853 turns).

xmaximusx the Cleaver (Hill Orc Fighter)           Turns: 11853, Time: 00:42:59

Health: -2/104     AC: 13    Str: 23    XL:     11   Next: 1%
Magic:  11/11      EV:  5    Int:  8    God:    Okawaru [......]
Gold:   617        SH: 19    Dex: 10    Spells: 10/10 levels left

rFire    . . .     SeeInvis .   a - +2 war axe
rCold    . . .     Gourm    .   c - +3 kite shield
rNeg     . . .     Faith    .   t - +0 plate armour
rPois    +         Spirit   .   (no helmet)
rElec    .         Reflect  +   (no cloak)
rCorr    .         Harm     .   (no gloves)
MR       .....                  (no boots)
Stlth    ..........             s - amulet of reflection
HPRegen  0.27/turn              q - ring of poison resistance
MPRegen  0.12/turn              (no ring)

@: studying Unarmed Combat
A: no striking features
a: Renounce Religion


You were on level 9 of the Dungeon.
You worshipped Okawaru.
Okawaru was noncommittal.
You were not hungry.

You visited 2 branches of the dungeon, and saw 11 of its levels.

You collected 617 gold pieces.

Inventory:

Hand Weapons
 a - a +2 war axe (weapon)
 w - a +0 vorpal morningstar
Armour
 c - a +3 kite shield (worn)
 t - a +0 plate armour (worn)
Jewellery
 g - an uncursed amulet of faith
 q - a ring of poison resistance (left hand)
 s - an amulet of reflection (around neck)
Wands
 b - a wand of flame (11)
 e - a wand of enslavement (6)
 v - a wand of iceblast (12)
Scrolls
 d - 3 scrolls of fog {unknown}
 h - 7 scrolls of remove curse
 i - 3 scrolls of identify
 A - a scroll of teleportation
 D - a scroll of vulnerability {unknown}
 E - a scroll of amnesia {unknown}
 G - a scroll of silence {unknown}
Potions
 k - a potion of heal wounds
 m - 2 potions of brilliance {unknown}
 n - a potion of flight {unknown}
 o - 5 potions of curing
 p - 4 potions of haste
 r - a potion of stabbing {unknown}
 z - 3 potions of ambrosia {unknown}
 B - a potion of lignification {unknown}
 C - 3 potions of magic {unknown}
 F - a potion of mutation {unknown}
Books
 j - a manual of Unarmed Combat
Comestibles
 f - 12 rations


   Skills:
 * Level 11.6 Fighting
 * Level 12.3 Axes
 + Level 8.1 Armour
 - Level 0.5 Dodging
 + Level 8.0 Shields


You had 10 spell levels left.
You didn't know any spells.
Your spell library contained the following spells:

 Spells                   Type           Power        Failure   Level  Hunger
 Animate Skeleton         Necr           N/A          100%        1    ##.....
 Apportation              Tloc           #.....       100%        1    ##.....
 Corona                   Hex            #......      100%        1    ##.....
 Magic Dart               Conj           #...         100%        1    ##.....
 Summon Small Mammal      Summ           #...         100%        1    ##.....
 Searing Ray              Conj           #.....       100%        2    ###....
 Dazzling Flash           Conj/Hex       #.....       100%        3    ####...
 Mephitic Cloud           Conj/Pois/Air  #.......     100%        3    ####...
 Spider Form              Tmut/Pois      #.........   100%        3    ####...
 Fulminant Prism          Conj/Hex       #.........   100%        4    #####..
 Iskenderun's Mystic Bla  Conj/Tloc      #.......     100%        4    #####..
 Alistair's Intoxication  Tmut/Pois      #.......     100%        5    ######.
 Eringya's Noxious Bog    Tmut/Pois      #.........   100%        6    #######


Dungeon Overview and Level Annotations

Branches:
Dungeon (10/15)            Temple (1/1) D:7             Orc (0/2) D:9
   Lair: D:8-11

Altars:
Ashenzari
Cheibriados
Dithmenos
Elyvilon
Fedhas
Gozag
Hepliaklqana
Kikubaaqudgha
Makhleb
Nemelex Xobeh
Okawaru
Qazlal
Ru
Sif Muna
Trog
Uskayaw
Vehumet
Wu Jian
Xom
Yredelemnul
Zin
The Shining One

Shops:
D:4 [   D:6 ?


Message History

You block the 12-headed hydra's attack. x5
The 12-headed hydra bites you but does no damage.
The 12-headed hydra completely misses you.
The 12-headed hydra bites you.
The 12-headed hydra bites you but does no damage.
The 12-headed hydra barely misses you. The 12-headed hydra bites you. x2
You lop one of the 12-headed hydra's heads off!
The 11-headed hydra grows two more!
You slash the 13-headed hydra!
The 13-headed hydra is lightly wounded.
You block the 13-headed hydra's attack. The 13-headed hydra bites you!
* * * LOW HITPOINT WARNING * * *
The 13-headed hydra bites you.
* * * LOW HITPOINT WARNING * * *
You block the 13-headed hydra's attack. The 13-headed hydra bites you!
* * * LOW HITPOINT WARNING * * *
The 13-headed hydra bites you.
* * * LOW HITPOINT WARNING * * *
The 13-headed hydra barely misses you. x2
You block the 13-headed hydra's attack. x2; The 13-headed hydra bites you!
You die...

......................##
.#.<...............#...#
###......#.##......#..##
###.###..#..#........##
##............####....#
......#####...........#
...##.### #...........###
..##....###.......##....#
#####...##......@D.##...##
.##.#.###########).......#
......##.%K.....#......###
#...K###).#.....#......#
.....# #+###'''##.#...##
#D..## #.≈P.....###....#
#<..####P≈≈.....#####..##
K...#..#≈≈P..P..##......#
......##P≈......#......##


You could see a 13-headed hydra.

Vanquished Creatures
  A two-headed ogre (D:8)
  The ghost of Frank the Martial Artist, a novice DsGl of Wu Jian (D:8)
  Psyche (D:9)
  2 hippogriffs
  2 dream sheep (D:9)
  A wyvern (D:9)
  2 yaks (D:9)
  2 hungry ghosts (D:9)
  A sky beast (D:7)
  An ice beast (D:8)
  An orc warrior (D:8)
  An eye of draining (D:9)
  A black bear (D:9)
  2 necrophages
  6 ogres
  5 centaurs
  A crocodile (D:8)
  4 big kobolds
  3 bullfrogs
  2 wyvern skeletons (D:9)
  2 scorpions
  4 wights (D:8)
  4 howler monkeys
  3 crimson imps
  2 centaur zombies
  4 hounds
  A quasit (D:6)
  4 orc priests
  A centaur skeleton (D:9)
  Ijyb (D:3)
  A gnoll shaman (D:4)
  8 orc wizards
  Jessica (D:2)
  5 worker ants
  A killer bee zombie (D:8)
  A hound skeleton (D:6)
  A howler monkey zombie (D:9)
  8 gnolls (D:4)
  4 adders
  2 shadow imps (D:6)
  An ooze (D:4)
  An adder skeleton (D:6)
  2 adder zombies
  6 worms
  8 leopard geckos
  25 orcs
  4 giant cockroaches
  7 goblins
  4 hobgoblins
  3 quokkas
  2 ball pythons
  5 bats
  6 frilled lizards
  A giant cockroach zombie (D:6)
  3 goblin skeletons (D:9)
  3 goblin zombies (D:9)
  A jackal skeleton (D:6)
  6 kobolds
  A kobold zombie (D:9)
  2 orc skeletons (D:9)
  8 rats
197 creatures vanquished.

Vanquished Creatures (others)
  2 plants (D:9)
2 creatures vanquished.

Grand Total: 199 creatures vanquished

Notes
Turn   | Place    | Note
-------+----------+-------------------------------------------
     0 | D:1      | xmaximusx the Hill Orc Fighter began the quest for the Orb.
     0 | D:1      | Reached XP level 1. HP: 19/19 MP: 1/1
   160 | D:1      | Reached skill level 3 in Axes
   160 | D:1      | Reached XP level 2. HP: 26/27 MP: 2/2
  1189 | D:2      | Noticed Jessica
  1229 | D:2      | Killed Jessica
  1229 | D:2      | Reached XP level 3. HP: 26/33 MP: 3/3
  1739 | D:2      | Reached XP level 4. HP: 40/40 MP: 4/4
  1752 | D:2      | Found a shadowy altar of Dithmenos.
  1759 | D:2      | Found a glowing silver altar of Zin.
  2422 | D:3      | Reached skill level 4 in Axes
  2607 | D:3      | You fall into a shaft and drop 1 floor!
  2670 | D:4      | Reached XP level 5. HP: 27/47 MP: 5/5
  2846 | D:3      | Noticed Ijyb
  2853 | D:3      | Killed Ijyb
  3278 | D:4      | Found Ehykyl's Armour Boutique.
  3282 | D:4      | Found a sacrificial altar of Ru.
  3323 | D:4      | Reached skill level 5 in Fighting
  3430 | D:4      | Reached skill level 5 in Axes
  3430 | D:4      | Reached XP level 6. HP: 46/56 MP: 6/6
  3499 | D:4      | Found a hide-covered altar of Uskayaw.
  4023 | D:4      | HP: 1/56 [gnoll/+0 spear (10)]
  4639 | D:4      | Reached skill level 6 in Axes
  4639 | D:4      | Reached XP level 7. HP: 54/63 MP: 7/7
  4889 | D:5      | Entered Level 5 of the Dungeon
  4952 | D:5      | Found an opulent altar of Gozag.
  5314 | D:5      | Reached skill level 5 in Armour
  5899 | D:5      | Found a burning altar of Makhleb.
  6201 | D:6      | Reached skill level 7 in Axes
  6201 | D:6      | Reached skill level 5 in Shields
  6201 | D:6      | Reached XP level 8. HP: 71/71 MP: 8/8
  6510 | D:7      | Found a white marble altar of Elyvilon.
  6545 | D:6      | Found Deguob Kise's Magic Scroll Shop.
  6782 | D:6      | Reached skill level 8 in Axes
  6848 | D:6      | Found a stormy altar of Qazlal.
  7343 | D:7      | Found an ornate altar of the Wu Jian Council.
  7588 | D:7      | Found a staircase to the Ecumenical Temple.
  7597 | D:7      | Noticed a hippogriff
  7612 | D:7      | Killed a hippogriff
  7781 | D:7      | Reached XP level 9. HP: 82/82 MP: 9/9
  7971 | D:8      | Reached skill level 9 in Axes
  8065 | D:8      | You fall into a shaft and drop 2 floors!
  8065 | D:10     | Entered Level 10 of the Dungeon
  8079 | D:9      | Found a radiant altar of Vehumet.
  8415 | D:9      | Identified the Grimoire of Intoxication
  8549 | D:9      | Noticed Psyche
  8557 | D:9      | Killed Psyche
  8557 | D:9      | Reached skill level 10 in Axes
  8735 | D:9      | Found a staircase to the Orcish Mines.
  8749 | D:9      | Reached skill level 10 in Fighting
  8749 | D:9      | Reached XP level 10. HP: 51/93 MP: 10/10
  9015 | D:9      | Reached skill level 11 in Axes
  9222 | D:9      | Found a glowing golden altar of the Shining One.
  9263 | D:8      | Found a runed translucent gate.
  9263 | D:8      | Found a runed translucent gate.
  9263 | D:8      | Found a runed translucent gate.
  9263 | D:8      | Noticed Frank's ghost (novice DsGl)
  9438 | D:8      | Noticed a two-headed ogre
  9458 | D:8      | Killed a two-headed ogre
  9765 | D:8      | Found a snail-covered altar of Cheibriados.
  9934 | D:8      | Found a basalt altar of Yredelemnul.
 10108 | D:8      | Killed Frank's ghost
 10108 | D:8      | Reached skill level 12 in Axes
 10487 | Temple   | Entered the Ecumenical Temple
 10531 | Temple   | Became a worshipper of Warmaster Okawaru
 11036 | D:9      | Reached XP level 11. HP: 79/102 MP: 11/11
 11143 | D:9      | Noticed a three-headed hydra
 11551 | D:9      | HP: 5/103 [nine-headed hydra (4)]
 11551 | D:9      | HP: 2/103 [nine-headed hydra (3)]
 11853 | D:9      | Slain by a 13-headed hydra

Illustrated notes

Levels and vault maps discovered:
D:1:      dpeg_cavernosity, layout_loops_ring, hangedman_decor_growths
D:2:      layout_basic, minitemple, first_ration, uniq_jessica
D:3:      layout_loops_ring, uniq_ijyb
D:4:      layout_layer_cave, eat_drink_and_be_merry_uskayaw,
          lemuel_crystal_altar, serial_shops, nicolae_shop_stone
D:5:      layout_loops_ring, makhleb_blood_cavern_becter, kennysheep_mini,
          minmay_manual_mares
D:6:      layout_loops_ring, overflow_temple_1_default, serial_shops, shop,
          serial_park_tiny_1
D:7:      layout_loops_ring, elyvilon_altar_4, lemuel_coloured_pillars_altar
D:8:      layout_loops_ring, kennysheep_little_box, old_standard_altar,
          ebering_ghost_rock_garden
D:9:      layout_cave_pools, vehumet_altar_wand_db,
          nicolae_tso_besieged_by_evil, orc_0_dummy, hangedman_ranch
          [blue_anna_fruit_fields], minmay_variable_closet, uniq_psyche
D:10:     kennysheep_kobold_lugonu_temple, layout_stronghold,
          david_lair_shrubbed, okawaru_trees_2
Temple:   kb_temple_of_zot

Skill      XL: |  1  2  3  4  5  6  7  8  9 10 |
---------------+-------------------------------+-----
Axes           | 3 4 5 6 7 8 10 12 | 12.3
Fighting       | 4 5 6 8 10 11 | 11.6
Armour         | 4 5 6 7 8 |  8.1
Shields        | 4 5 6 8 |  8.0
Dodging        | |  0.5

Action                   |  1- 3 |  4- 6 |  7- 9 | 10-12 || total
-------------------------+-------+-------+-------+-------++-------
Melee: War axe           |    76 |   170 |   315 |   225 ||   786
       Morningstar       |       |       |       |     4 ||     4
Evoke: Wand              |       |       |     2 |     3 ||     5
  Use: Scroll            |     1 |     1 |    14 |     6 ||    22
       Potion            |       |     2 |       |     3 ||     5
  Eat: Chunk             |     3 |     3 |    13 |     5 ||    24
       Ration            |       |     2 |     2 |     2 ||     6
Armor: Scale mail        |    31 |    85 |    16 |       ||   132
       Plate armour      |       |       |    96 |   118 ||   214
Dodge: Dodged            |    21 |    55 |    54 |    31 ||   161
Block: Kite shield       |    29 |   103 |   249 |   229 ||   610
       Reflection        |       |       |     9 |    11 ||    20
